[ AOE2 MATCH · #467718111 ]
Team RMPoles vs Aztecs
[ REPLAY ANALYSIS · EXTRACTED FROM THE RECORDED GAME ]
Feudal
12:52
Castle
32:37
Imperial
—
| APM avg | 6.6 |
| APM peak | 34 |
| eAPM avg | 4.6 |
| Villagers / military | 23 / 28 |
Focus
⚔️ 28.5% · 🌾 71.5%
Obuch ×17 · Scout Cavalry ×11
Feudal
11:32
Castle
30:16
Imperial
—
| APM avg | 15.9 |
| APM peak | 32 |
| eAPM avg | 11.1 |
| Villagers / military | 91 / 39 |
Focus
⚔️ 8.1% · 🌾 91.9%
Steppe Lancer ×39 · Trade Cart ×6
Feudal
11:05
Castle
23:12
Imperial
—
| APM avg | 17.3 |
| APM peak | 41 |
| eAPM avg | 10.4 |
| Villagers / military | 43 / 28 |
Focus
⚔️ 21.2% · 🌾 78.8%
Archer ×19 · Chu Ko Nu ×9
Feudal
11:48
Castle
18:38
Imperial
—
| APM avg | 18.4 |
| APM peak | 36 |
| eAPM avg | 11.7 |
| Villagers / military | 49 / 92 |
Focus
⚔️ 31.5% · 🌾 68.5%
Jaguar Warrior ×77 · Battering Ram ×8 · Eagle Scout ×7
Feudal
11:37
Castle
31:50
Imperial
—
| APM avg | 19.2 |
| APM peak | 45 |
| eAPM avg | 8.5 |
| Villagers / military | 56 / 18 |
Focus
⚔️ 19.2% · 🌾 80.8%
Militia ×15 · Archer ×3
Feudal
12:05
Castle
36:37
Imperial
—
| APM avg | 23.8 |
| APM peak | 86 |
| eAPM avg | 14.2 |
| Villagers / military | 58 / 59 |
Focus
⚔️ 40.1% · 🌾 59.9%
Serjeant ×59
Match map
Initial resources + every placement click. Lines = walls · curves = elevation contours. ◆ gold · ⬟ stone · ● berries · ✦ relic · ◌ wall gap
Your base· Open — unwalled flank
Rebeca's base· Open — unwalled flank
Gamer of the south's base· Open — unwalled flank
KennyC's base· ✓ Closed at 18:38 · 69t walls · 1 gate(s)
behardienameer's base· Open — 5t gap
abencp97's base· Open — unwalled flank
Smoothed initial terrain · ◌ = detected wall gap · hover for details
Inputs per minute
— mrcleanboi15 - - Rebeca
Build order — mrcleanboi15
87 actions detected in the replay
| 0:09 | Build | House |
| 0:45 | Build | Mill |
| 0:58 | Create | Villager (Male) |
| 0:59 | Create | Villager (Male) |
| 0:59 | Create | Villager (Male) |
| 0:59 | Create | Villager (Male) |
| 2:54 | Create | Villager (Male) |
| 2:54 | Create | Villager (Male) |
| 3:49 | Create | Villager (Male) |
| 3:49 | Create | Villager (Male) |
| 6:01 | Build | Lumber Camp |
| 6:14 | Create | Villager (Male) |
| 6:14 | Create | Villager (Male) |
| 6:14 | Create | Villager (Male) |
| 6:15 | Create | Villager (Male) |
| 6:16 | Create | Villager (Male) |
| 6:49 | Build | House |
| 6:51 | Build | House |
| 6:52 | Build | House |
| 6:57 | Build | House |
| 9:53 | Build | Palisade Wall |
| 10:24 | Build | Palisade Wall |
| 10:42 | Research | Feudal Age |
| 11:11 | Build | Farm |
| 11:18 | Build | Farm |
| 11:26 | Build | Farm |
| 12:52 | Age | Feudal Age |
| 13:42 | Build | Farm |
| 13:51 | Create | Villager (Male) |
| 13:51 | Create | Villager (Male) |
| 13:52 | Research | Wheelbarrow |
| 14:00 | Create | Villager (Male) |
| 14:01 | Create | Villager (Male) |
| 14:01 | Create | Villager (Male) |
| 14:04 | Create | Villager (Male) |
| 14:24 | Build | Barracks |
| 15:04 | Build | Farm |
| 15:19 | Build | Farm |
| 16:02 | Build | Farm |
| 16:07 | Research | Horse Collar |
| 17:10 | Build | Farm |
| 17:24 | Build | Farm |
| 17:40 | Build | Farm |
| 18:48 | Build | Farm |
| 19:13 | Build | Mining Camp |
| 19:30 | Build | Farm |
| 20:07 | Research | Stone Mining |
| 21:10 | Research | Double-Bit Axe |
| 21:15 | Create | Villager (Male) |
| 21:16 | Create | Villager (Male) |
| 21:16 | Create | Villager (Male) |
| 21:16 | Create | Villager (Male) |
| 21:54 | Build | Stable |
| 23:29 | Build | Farm |
| 24:20 | Create | Scout Cavalry |
| 24:22 | Research | Bloodlines |
| 24:26 | Create | Scout Cavalry |
| 24:26 | Create | Scout Cavalry |
| 24:26 | Create | Scout Cavalry |
| 24:27 | Create | Scout Cavalry |
| 24:27 | Create | Scout Cavalry |
| 24:27 | Create | Scout Cavalry |
| 24:28 | Create | Scout Cavalry |
| 24:28 | Create | Scout Cavalry |
| 24:29 | Create | Scout Cavalry |
| 24:30 | Create | Scout Cavalry |
| 27:45 | Build | Market |
| 29:57 | Research | Castle Age |
| 32:37 | Age | Castle Age |
| 32:58 | Build | Castle |
| 34:18 | Create | Obuch |
| 34:19 | Create | Obuch |
| 34:19 | Create | Obuch |
| 34:19 | Create | Obuch |
| 34:20 | Create | Obuch |
| 34:20 | Create | Obuch |
| 34:20 | Create | Obuch |
| 34:21 | Create | Obuch |
| 35:28 | Create | Obuch |
| 35:29 | Create | Obuch |
| 35:29 | Create | Obuch |
| 36:06 | Create | Obuch |
| 36:06 | Create | Obuch |
| 36:07 | Create | Obuch |
| 36:07 | Create | Obuch |
| 36:07 | Create | Obuch |
| 36:08 | Create | Obuch |
Build order — Rebeca
First 150 of 231 actions detected
| 0:03 | Build | House |
| 0:05 | Build | House |
| 0:11 | Create | Villager (Male) |
| 0:11 | Create | Villager (Male) |
| 0:12 | Create | Villager (Male) |
| 0:12 | Create | Villager (Male) |
| 0:12 | Create | Villager (Male) |
| 1:51 | Create | Villager (Male) |
| 2:24 | Create | Villager (Male) |
| 2:24 | Create | Villager (Male) |
| 2:53 | Create | Villager (Male) |
| 3:04 | Build | House |
| 3:07 | Build | House |
| 3:14 | Create | Villager (Male) |
| 3:48 | Create | Villager (Male) |
| 3:52 | Build | Lumber Camp |
| 4:11 | Create | Villager (Male) |
| 4:47 | Create | Villager (Male) |
| 5:03 | Build | Mill |
| 5:37 | Create | Villager (Male) |
| 5:38 | Create | Villager (Male) |
| 6:20 | Create | Villager (Male) |
| 6:20 | Create | Villager (Male) |
| 6:35 | Create | Villager (Male) |
| 6:36 | Create | Villager (Male) |
| 7:22 | Build | Mill |
| 7:54 | Create | Villager (Male) |
| 7:55 | Create | Villager (Male) |
| 8:22 | Create | Villager (Male) |
| 9:04 | Build | Lumber Camp |
| 9:20 | Research | Feudal Age |
| 9:36 | Build | House |
| 9:38 | Build | House |
| 9:55 | Build | House |
| 9:58 | Build | House |
| 10:01 | Build | House |
| 10:03 | Build | House |
| 10:22 | Create | Villager (Male) |
| 10:22 | Create | Villager (Male) |
| 10:23 | Create | Villager (Male) |
| 11:31 | Build | Farm |
| 11:32 | Age | Feudal Age |
| 11:35 | Build | Farm |
| 11:36 | Build | Farm |
| 11:38 | Build | Farm |
| 11:49 | Build | Farm |
| 12:07 | Create | Villager (Male) |
| 12:15 | Create | Villager (Male) |
| 12:43 | Create | Villager (Male) |
| 12:43 | Create | Villager (Male) |
| 12:43 | Create | Villager (Male) |
| 12:54 | Build | Farm |
| 12:55 | Build | Farm |
| 14:31 | Build | Town Center |
| 14:36 | Create | Villager (Male) |
| 14:37 | Create | Villager (Male) |
| 14:44 | Build | Mining Camp |
| 14:52 | Create | Villager (Male) |
| 14:58 | Build | Farm |
| 15:39 | Create | Villager (Male) |
| 15:39 | Create | Villager (Male) |
| 15:51 | Build | Farm |
| 16:20 | Create | Villager (Male) |
| 16:20 | Create | Villager (Male) |
| 16:48 | Build | Farm |
| 16:52 | Build | Farm |
| 17:19 | Research | Loom |
| 18:10 | Create | Villager (Male) |
| 18:10 | Create | Villager (Male) |
| 18:36 | Create | Villager (Male) |
| 18:36 | Create | Villager (Male) |
| 18:37 | Create | Villager (Male) |
| 18:44 | Build | Farm |
| 18:46 | Build | Farm |
| 18:49 | Create | Villager (Male) |
| 18:49 | Create | Villager (Male) |
| 18:57 | Build | Mining Camp |
| 19:13 | Research | Double-Bit Axe |
| 19:15 | Research | Horse Collar |
| 19:29 | Create | Villager (Male) |
| 19:30 | Create | Villager (Male) |
| 19:37 | Build | Farm |
| 19:40 | Build | Farm |
| 19:44 | Research | Gold Mining |
| 19:52 | Create | Villager (Male) |
| 19:52 | Create | Villager (Male) |
| 19:53 | Create | Villager (Male) |
| 20:01 | Build | Mining Camp |
| 20:24 | Build | House |
| 20:25 | Build | House |
| 20:26 | Build | House |
| 20:28 | Build | House |
| 20:36 | Create | Villager (Male) |
| 20:37 | Create | Villager (Male) |
| 22:24 | Create | Villager (Male) |
| 22:24 | Create | Villager (Male) |
| 22:32 | Create | Villager (Male) |
| 22:32 | Create | Villager (Male) |
| 22:34 | Create | Villager (Male) |
| 22:34 | Create | Villager (Male) |
| 23:32 | Research | Wheelbarrow |
| 23:36 | Create | Villager (Male) |
| 23:42 | Research | Town Watch |
| 23:42 | Create | Villager (Male) |
| 23:43 | Create | Villager (Male) |
| 23:43 | Create | Villager (Male) |
| 24:09 | Build | Lumber Camp |
| 24:13 | Build | Lumber Camp |
| 24:20 | Build | Farm |
| 24:44 | Research | Stone Mining |
| 25:10 | Build | Palisade Gate |
| 25:14 | Build | House |
| 25:17 | Build | House |
| 25:22 | Create | Villager (Male) |
| 25:23 | Create | Villager (Male) |
| 25:23 | Create | Villager (Male) |
| 25:35 | Build | Farm |
| 25:36 | Build | Farm |
| 25:37 | Build | Farm |
| 25:39 | Build | Farm |
| 25:53 | Build | Blacksmith |
| 25:58 | Build | Market |
| 26:10 | Create | Villager (Male) |
| 26:37 | Build | House |
| 26:47 | Build | House |
| 26:49 | Build | House |
| 27:02 | Build | House |
| 27:04 | Build | House |
| 27:06 | Build | House |
| 27:23 | Create | Villager (Male) |
| 27:23 | Create | Villager (Male) |
| 27:24 | Create | Villager (Male) |
| 27:36 | Research | Castle Age |
| 27:43 | Build | Farm |
| 27:46 | Build | Farm |
| 28:01 | Build | Farm |
| 28:14 | Create | Villager (Male) |
| 28:14 | Create | Villager (Male) |
| 28:36 | Build | House |
| 28:37 | Build | House |
| 28:38 | Build | House |
| 28:40 | Build | House |
| 28:42 | Build | House |
| 28:43 | Build | House |
| 28:45 | Build | House |
| 28:47 | Build | House |
| 29:14 | Build | Barracks |
| 29:21 | Build | Farm |
| 29:32 | Build | Farm |
| 29:35 | Build | Farm |
Build order — Gamer of the south
123 actions detected in the replay
| 0:03 | Build | House |
| 0:04 | Build | House |
| 1:21 | Create | Villager (Male) |
| 1:22 | Create | Villager (Male) |
| 1:47 | Create | Villager (Male) |
| 1:47 | Create | Villager (Male) |
| 1:50 | Build | Lumber Camp |
| 2:16 | Create | Villager (Male) |
| 2:17 | Create | Villager (Male) |
| 2:43 | Create | Villager (Male) |
| 2:55 | Create | Villager (Male) |
| 4:17 | Build | Mill |
| 4:18 | Create | Villager (Male) |
| 4:18 | Create | Villager (Male) |
| 4:19 | Create | Villager (Male) |
| 4:19 | Create | Villager (Male) |
| 4:19 | Create | Villager (Male) |
| 5:11 | Create | Villager (Male) |
| 5:38 | Create | Villager (Male) |
| 6:00 | Create | Villager (Male) |
| 6:52 | Build | House |
| 7:07 | Create | Villager (Male) |
| 7:07 | Create | Villager (Male) |
| 7:29 | Create | Villager (Male) |
| 7:41 | Research | Loom |
| 8:55 | Research | Feudal Age |
| 9:40 | Build | Barracks |
| 9:51 | Build | Farm |
| 9:53 | Build | Farm |
| 10:06 | Build | Farm |
| 10:11 | Build | Farm |
| 10:16 | Build | House |
| 10:39 | Build | Farm |
| 10:45 | Build | Farm |
| 10:47 | Build | Farm |
| 10:55 | Build | House |
| 10:58 | Build | House |
| 11:01 | Build | House |
| 11:05 | Age | Feudal Age |
| 11:21 | Create | Villager (Male) |
| 11:21 | Create | Villager (Male) |
| 11:22 | Create | Villager (Male) |
| 11:32 | Research | Wheelbarrow |
| 12:17 | Build | Farm |
| 12:33 | Build | House |
| 13:06 | Build | Archery Range |
| 13:09 | Create | Villager (Male) |
| 13:09 | Create | Villager (Male) |
| 13:10 | Create | Villager (Male) |
| 14:04 | Create | Archer |
| 14:04 | Create | Archer |
| 14:05 | Create | Archer |
| 14:19 | Build | Mining Camp |
| 15:08 | Research | Double-Bit Axe |
| 15:39 | Build | Lumber Camp |
| 15:57 | Create | Villager (Male) |
| 15:58 | Create | Villager (Male) |
| 15:58 | Create | Villager (Male) |
| 15:58 | Create | Villager (Male) |
| 15:58 | Create | Villager (Male) |
| 15:59 | Create | Villager (Male) |
| 15:59 | Create | Villager (Male) |
| 16:00 | Create | Villager (Male) |
| 16:01 | Create | Villager (Male) |
| 16:01 | Create | Villager (Male) |
| 16:01 | Create | Villager (Male) |
| 16:02 | Create | Villager (Male) |
| 16:25 | Create | Archer |
| 16:25 | Create | Archer |
| 16:37 | Create | Archer |
| 16:37 | Create | Archer |
| 17:09 | Build | Blacksmith |
| 17:20 | Create | Archer |
| 17:21 | Create | Archer |
| 17:46 | Create | Archer |
| 17:47 | Create | Archer |
| 18:21 | Create | Archer |
| 18:21 | Create | Archer |
| 18:27 | Research | Padded Archer Armor |
| 18:40 | Build | Farm |
| 18:44 | Build | Farm |
| 18:46 | Build | Farm |
| 19:07 | Build | Farm |
| 19:42 | Build | Farm |
| 19:44 | Build | Farm |
| 20:12 | Research | Castle Age |
| 20:29 | Research | Fletching |
| 21:57 | Build | Mining Camp |
| 21:59 | Create | Archer |
| 21:59 | Create | Archer |
| 22:00 | Create | Archer |
| 22:00 | Create | Archer |
| 22:00 | Create | Archer |
| 22:01 | Create | Archer |
| 22:12 | Build | Farm |
| 22:41 | Build | Farm |
| 22:45 | Build | Farm |
| 22:52 | Build | Market |
| 23:12 | Age | Castle Age |
| 23:22 | Research | Crossbowman (upgrade) |
| 23:31 | Build | Archery Range |
| 25:01 | Build | Siege Workshop |
| 26:07 | Research | Thumb Ring |
| 26:25 | Build | Watch Tower |
| 26:55 | Build | Castle |
| 27:36 | Build | Mining Camp |
| 28:43 | Build | Archery Range |
| 28:45 | Build | Archery Range |
| 29:10 | Create | Villager (Male) |
| 29:11 | Create | Villager (Male) |
| 29:30 | Create | Chu Ko Nu |
| 29:31 | Create | Chu Ko Nu |
| 29:31 | Create | Chu Ko Nu |
| 29:31 | Create | Chu Ko Nu |
| 29:39 | Create | Villager (Male) |
| 29:40 | Create | Villager (Male) |
| 30:29 | Create | Chu Ko Nu |
| 30:29 | Create | Chu Ko Nu |
| 30:29 | Create | Chu Ko Nu |
| 30:30 | Create | Chu Ko Nu |
| 30:30 | Create | Chu Ko Nu |
| 31:17 | Create | Villager (Male) |
| 31:17 | Create | Villager (Male) |
Build order — KennyC
First 150 of 157 actions detected
| 0:05 | Build | House |
| 0:08 | Build | House |
| 0:12 | Create | Villager (Male) ×4 |
| 1:40 | Create | Villager (Male) |
| 2:01 | Create | Villager (Male) |
| 2:31 | Create | Villager (Male) |
| 3:11 | Create | Villager (Male) |
| 3:29 | Create | Villager (Male) |
| 3:43 | Build | Mill |
| 4:09 | Build | Lumber Camp |
| 4:12 | Create | Villager (Male) ×2 |
| 4:58 | Create | Villager (Male) |
| 5:09 | Build | House |
| 5:09 | Build | House |
| 5:15 | Create | Villager (Male) |
| 5:42 | Create | Villager (Male) |
| 6:12 | Create | Villager (Male) |
| 7:01 | Create | Villager (Male) |
| 7:13 | Create | Villager (Male) |
| 7:13 | Create | Villager (Male) |
| 7:56 | Create | Villager (Male) |
| 7:56 | Create | Villager (Male) |
| 8:43 | Create | Villager (Male) |
| 8:59 | Build | Palisade Wall |
| 9:05 | Build | Palisade Wall |
| 9:08 | Build | Palisade Wall |
| 9:14 | Build | Palisade Wall |
| 9:17 | Build | Palisade Wall |
| 9:20 | Build | Palisade Wall |
| 9:38 | Research | Feudal Age |
| 9:48 | Build | Mining Camp |
| 10:19 | Build | Mill |
| 10:26 | Build | Farm |
| 10:26 | Build | Farm |
| 10:26 | Build | Farm |
| 10:26 | Build | Farm |
| 10:27 | Build | Farm |
| 10:28 | Build | Farm |
| 11:12 | Build | House |
| 11:13 | Build | House |
| 11:14 | Build | House |
| 11:48 | Age | Feudal Age |
| 11:49 | Create | Villager (Male) |
| 11:49 | Create | Villager (Male) |
| 11:49 | Create | Villager (Male) |
| 11:49 | Create | Villager (Male) |
| 11:49 | Create | Villager (Male) |
| 12:09 | Research | Double-Bit Axe |
| 12:13 | Create | Villager (Male) |
| 13:14 | Create | Villager (Male) |
| 13:28 | Build | Market |
| 13:40 | Create | Villager (Male) |
| 14:13 | Research | Horse Collar |
| 14:38 | Build | Blacksmith |
| 15:24 | Research | Loom |
| 15:38 | Build | Palisade Gate |
| 15:58 | Research | Castle Age |
| 16:13 | Build | Barracks |
| 16:15 | Build | Barracks |
| 16:40 | Build | Lumber Camp |
| 17:28 | Build | Mining Camp |
| 17:34 | Create | Eagle Scout |
| 17:34 | Create | Eagle Scout |
| 17:35 | Create | Eagle Scout |
| 17:35 | Create | Eagle Scout |
| 17:58 | Research | Stone Mining |
| 18:23 | Create | Eagle Scout |
| 18:30 | Create | Eagle Scout |
| 18:31 | Create | Eagle Scout |
| 18:37 | Research | Forging |
| 18:38 | Age | Castle Age |
| 19:00 | Build | Farm |
| 19:00 | Build | Farm |
| 19:01 | Build | Farm |
| 19:02 | Build | Farm |
| 19:08 | Create | Villager (Male) |
| 19:08 | Create | Villager (Male) |
| 19:09 | Create | Villager (Male) |
| 19:09 | Create | Villager (Male) |
| 19:41 | Build | House |
| 19:42 | Build | House |
| 19:43 | Build | House |
| 19:44 | Build | House |
| 20:08 | Build | Palisade Wall |
| 20:20 | Research | Squires |
| 20:33 | Build | Farm |
| 20:56 | Create | Villager (Male) |
| 21:39 | Build | Gate |
| 21:44 | Create | Villager (Male) |
| 22:08 | Research | Eagle Warrior (upgrade) |
| 22:24 | Create | Villager (Male) |
| 22:39 | Build | Town Center |
| 22:43 | Create | Villager (Male) |
| 22:54 | Research | Arson |
| 23:06 | Build | Castle |
| 23:14 | Research | Scale Mail Armor |
| 23:28 | Create | Villager (Male) |
| 23:44 | Build | Farm |
| 23:44 | Build | Farm |
| 23:44 | Build | Farm |
| 23:45 | Build | Farm |
| 23:45 | Build | Farm |
| 23:45 | Build | Farm |
| 23:45 | Build | Farm |
| 23:46 | Build | Farm |
| 23:47 | Build | Farm |
| 25:55 | Build | Farm |
| 25:58 | Create | Villager (Male) |
| 25:58 | Create | Villager (Male) |
| 25:58 | Create | Villager (Male) |
| 25:58 | Create | Villager (Male) |
| 26:13 | Research | Gambesons |
| 26:17 | Create | Jaguar Warrior ×5 |
| 26:17 | Create | Jaguar Warrior ×5 |
| 26:25 | Create | Jaguar Warrior ×5 |
| 26:25 | Create | Jaguar Warrior |
| 26:37 | Build | Siege Workshop |
| 26:48 | Research | Heavy Plow |
| 27:17 | Build | Siege Workshop |
| 27:20 | Create | Jaguar Warrior ×4 |
| 27:42 | Create | Villager (Male) |
| 27:43 | Create | Villager (Male) |
| 27:43 | Create | Villager (Male) |
| 27:57 | Create | Battering Ram |
| 27:57 | Create | Battering Ram |
| 28:18 | Create | Villager (Male) |
| 28:18 | Create | Villager (Male) |
| 28:18 | Create | Villager (Male) |
| 28:19 | Create | Villager (Male) |
| 28:39 | Build | Lumber Camp |
| 28:54 | Create | Battering Ram |
| 29:33 | Create | Jaguar Warrior |
| 29:33 | Create | Jaguar Warrior |
| 29:34 | Create | Jaguar Warrior |
| 29:34 | Create | Jaguar Warrior |
| 30:00 | Research | Chain Mail Armor |
| 30:01 | Research | Iron Casting |
| 32:41 | Research | Atlatl |
| 33:13 | Create | Jaguar Warrior ×5 |
| 33:14 | Create | Jaguar Warrior ×5 |
| 33:14 | Create | Jaguar Warrior |
| 33:26 | Create | Jaguar Warrior ×5 |
| 33:26 | Create | Jaguar Warrior ×5 |
| 34:11 | Build | Castle |
| 35:37 | Research | Gold Mining |
| 35:50 | Create | Jaguar Warrior ×5 |
| 35:50 | Create | Jaguar Warrior ×5 |
| 35:51 | Create | Jaguar Warrior ×5 |
| 35:51 | Create | Jaguar Warrior ×4 |
| 36:06 | Create | Battering Ram |
Build order — behardienameer
134 actions detected in the replay
| 0:07 | Build | House |
| 0:08 | Build | House |
| 0:10 | Create | Villager (Male) |
| 0:24 | Create | Villager (Male) |
| 0:42 | Create | Villager (Male) |
| 1:03 | Create | Villager (Male) |
| 1:47 | Create | Villager (Male) |
| 2:14 | Create | Villager (Male) |
| 2:40 | Build | Lumber Camp |
| 2:50 | Create | Villager (Male) |
| 3:14 | Create | Villager (Male) |
| 3:33 | Create | Villager (Male) |
| 3:53 | Create | Villager (Male) |
| 4:03 | Build | Mill |
| 4:27 | Build | House |
| 4:50 | Create | Villager (Male) |
| 4:55 | Create | Villager (Male) |
| 5:48 | Create | Villager (Male) |
| 6:06 | Create | Villager (Male) |
| 6:17 | Build | House |
| 6:21 | Create | Villager (Male) |
| 6:49 | Create | Villager (Male) |
| 7:06 | Create | Villager (Male) |
| 7:32 | Create | Villager (Male) |
| 8:00 | Build | Mill |
| 8:11 | Create | Villager (Male) |
| 8:27 | Build | House |
| 8:43 | Create | Villager (Male) |
| 9:27 | Research | Feudal Age |
| 9:45 | Create | Villager (Male) |
| 10:09 | Create | Villager (Male) |
| 10:21 | Build | Farm |
| 10:22 | Build | Farm |
| 10:48 | Create | Villager (Male) |
| 11:06 | Build | Farm |
| 11:09 | Build | Farm |
| 11:12 | Create | Villager (Male) |
| 11:26 | Create | Villager (Male) |
| 11:34 | Build | Mining Camp |
| 11:37 | Age | Feudal Age |
| 11:51 | Build | Blacksmith |
| 11:53 | Create | Villager (Male) |
| 12:20 | Create | Villager (Male) |
| 12:35 | Build | Farm |
| 12:36 | Build | Farm |
| 12:39 | Build | Farm |
| 12:57 | Research | Double-Bit Axe |
| 12:58 | Create | Villager (Male) |
| 13:07 | Build | House |
| 13:14 | Research | Scale Barding Armor |
| 13:38 | Create | Villager (Male) |
| 13:54 | Create | Villager (Male) |
| 14:14 | Create | Villager (Male) |
| 14:37 | Build | Barracks |
| 15:05 | Create | Villager (Male) |
| 15:05 | Create | Villager (Male) |
| 15:17 | Create | Militia |
| 15:18 | Create | Militia |
| 15:55 | Create | Militia |
| 15:55 | Create | Militia |
| 16:26 | Build | Watch Tower |
| 16:29 | Create | Militia |
| 16:30 | Create | Militia |
| 16:45 | Create | Militia |
| 16:59 | Create | Militia |
| 17:24 | Create | Militia |
| 17:24 | Create | Militia |
| 17:36 | Create | Militia |
| 17:44 | Create | Villager (Male) |
| 18:21 | Create | Villager (Male) |
| 18:22 | Create | Villager (Male) |
| 18:22 | Create | Villager (Male) |
| 18:22 | Create | Villager (Male) |
| 18:45 | Build | House |
| 19:17 | Build | Lumber Camp |
| 19:44 | Build | House |
| 20:23 | Build | Farm |
| 20:26 | Build | Farm |
| 20:33 | Create | Villager (Male) |
| 20:53 | Build | Farm |
| 20:54 | Build | Farm |
| 21:02 | Build | House |
| 23:19 | Build | Stable |
| 23:28 | Create | Villager (Male) |
| 23:36 | Build | House |
| 23:37 | Build | House |
| 23:43 | Create | Villager (Male) |
| 23:58 | Build | Farm |
| 24:34 | Build | Farm |
| 24:37 | Build | Farm |
| 24:41 | Create | Villager (Male) |
| 24:42 | Create | Villager (Male) |
| 24:54 | Build | Mining Camp |
| 25:09 | Create | Villager (Male) |
| 25:17 | Create | Villager (Male) |
| 25:29 | Research | Horse Collar |
| 26:06 | Build | Farm |
| 26:21 | Build | Farm |
| 26:21 | Build | Farm |
| 26:28 | Build | Farm |
| 26:34 | Build | House |
| 26:36 | Create | Villager (Male) |
| 26:50 | Create | Villager (Male) |
| 27:05 | Build | Blacksmith |
| 27:25 | Create | Villager (Male) |
| 27:28 | Create | Villager (Male) |
| 27:35 | Build | Farm |
| 27:42 | Build | Farm |
| 27:44 | Build | Farm |
| 27:48 | Create | Militia |
| 27:48 | Create | Militia |
| 28:28 | Create | Villager (Male) |
| 29:10 | Research | Castle Age |
| 29:11 | Create | Villager (Male) |
| 29:23 | Build | Mill |
| 29:27 | Create | Villager (Male) |
| 29:28 | Create | Villager (Male) |
| 29:35 | Build | Archery Range |
| 29:39 | Create | Villager (Male) |
| 29:47 | Create | Militia |
| 29:48 | Create | Militia |
| 30:03 | Build | Blacksmith |
| 30:19 | Create | Villager (Male) |
| 30:38 | Create | Archer |
| 30:38 | Create | Archer |
| 30:38 | Create | Archer |
| 30:47 | Build | House |
| 30:48 | Build | House |
| 30:50 | Build | House |
| 31:05 | Create | Villager (Male) |
| 31:50 | Age | Castle Age |
| 31:59 | Build | Farm |
| 32:00 | Build | Farm |
| 32:02 | Build | Farm |
Build order — abencp97
First 150 of 219 actions detected
| 0:05 | Build | House |
| 0:11 | Build | House |
| 0:16 | Create | Villager (Male) |
| 0:16 | Create | Villager (Male) |
| 0:16 | Create | Villager (Male) |
| 0:16 | Create | Villager (Male) |
| 0:17 | Create | Villager (Male) |
| 1:53 | Create | Villager (Male) |
| 2:12 | Build | Lumber Camp |
| 2:27 | Create | Villager (Male) |
| 2:27 | Create | Villager (Male) |
| 2:39 | Create | Villager (Male) |
| 2:39 | Create | Villager (Male) |
| 3:02 | Create | Villager (Male) |
| 3:02 | Create | Villager (Male) |
| 3:08 | Research | Loom |
| 3:49 | Build | House |
| 3:51 | Build | House |
| 4:22 | Create | Villager (Male) |
| 4:23 | Create | Villager (Male) |
| 4:23 | Create | Villager (Male) |
| 5:00 | Create | Villager (Male) |
| 5:01 | Create | Villager (Male) |
| 5:30 | Build | Mill |
| 6:17 | Create | Villager (Male) |
| 6:17 | Create | Villager (Male) |
| 6:18 | Create | Villager (Male) |
| 6:18 | Create | Villager (Male) |
| 6:18 | Create | Villager (Male) |
| 7:50 | Create | Villager (Male) |
| 7:57 | Create | Villager (Male) |
| 8:04 | Build | Mining Camp |
| 8:11 | Build | Mill |
| 8:39 | Create | Villager (Male) |
| 8:50 | Build | House |
| 8:55 | Build | House |
| 9:52 | Create | Villager (Male) |
| 9:53 | Research | Feudal Age |
| 11:19 | Build | Farm |
| 11:19 | Build | Farm |
| 11:20 | Build | Farm |
| 11:22 | Build | Farm |
| 11:22 | Build | Farm |
| 11:22 | Build | Farm |
| 11:24 | Build | Farm |
| 11:25 | Build | Farm |
| 12:05 | Age | Feudal Age |
| 12:37 | Build | Donjon |
| 12:53 | Create | Villager (Male) |
| 12:54 | Create | Villager (Male) |
| 12:54 | Create | Villager (Male) |
| 12:57 | Create | Villager (Male) |
| 13:11 | Create | Serjeant |
| 13:12 | Create | Serjeant |
| 13:12 | Create | Serjeant |
| 13:12 | Create | Serjeant |
| 13:13 | Create | Serjeant |
| 13:14 | Create | Serjeant |
| 14:05 | Build | Farm |
| 14:05 | Build | Farm |
| 14:23 | Create | Serjeant |
| 14:24 | Create | Serjeant |
| 14:36 | Create | Villager (Male) |
| 14:39 | Create | Villager (Male) |
| 16:14 | Build | Farm |
| 16:14 | Build | Farm |
| 16:15 | Build | Farm |
| 16:34 | Research | Double-Bit Axe |
| 16:41 | Create | Villager (Male) |
| 16:42 | Create | Villager (Male) |
| 16:52 | Build | Farm |
| 16:53 | Build | Farm |
| 16:59 | Create | Villager (Male) |
| 17:03 | Create | Serjeant |
| 17:03 | Create | Serjeant |
| 17:04 | Create | Serjeant |
| 17:07 | Create | Serjeant |
| 17:08 | Create | Serjeant |
| 17:32 | Create | Serjeant |
| 17:44 | Build | Mining Camp |
| 17:50 | Build | House |
| 17:51 | Build | House |
| 17:52 | Build | House |
| 17:54 | Build | House |
| 18:07 | Create | Serjeant |
| 18:07 | Create | Serjeant |
| 18:19 | Research | Horse Collar |
| 18:23 | Create | Villager (Male) |
| 18:34 | Create | Serjeant |
| 18:35 | Create | Serjeant |
| 19:25 | Build | Barracks |
| 19:30 | Create | Villager (Male) |
| 19:30 | Create | Villager (Male) |
| 19:34 | Create | Villager (Male) |
| 19:35 | Create | Villager (Male) |
| 20:12 | Create | Serjeant |
| 20:20 | Research | Arson |
| 20:42 | Create | Serjeant |
| 20:46 | Create | Villager (Male) |
| 20:48 | Create | Serjeant |
| 21:03 | Build | Donjon |
| 21:12 | Create | Serjeant |
| 21:15 | Create | Villager (Male) |
| 21:15 | Create | Villager (Male) |
| 21:21 | Build | House |
| 21:23 | Build | House |
| 21:33 | Build | Palisade Wall |
| 21:36 | Build | Palisade Wall |
| 21:38 | Build | Palisade Wall |
| 21:40 | Build | Palisade Wall |
| 21:43 | Build | Palisade Wall |
| 21:46 | Build | Palisade Wall |
| 21:59 | Build | Donjon |
| 22:39 | Research | Gold Mining |
| 22:40 | Research | Stone Mining |
| 22:46 | Build | Blacksmith |
| 23:26 | Build | House |
| 24:11 | Build | Donjon |
| 24:22 | Create | Serjeant |
| 24:22 | Create | Serjeant |
| 24:23 | Create | Serjeant |
| 24:23 | Create | Serjeant |
| 24:33 | Research | Fletching |
| 24:33 | Research | Forging |
| 24:33 | Research | Scale Mail Armor |
| 24:41 | Create | Serjeant |
| 25:26 | Create | Serjeant |
| 25:27 | Create | Serjeant |
| 25:27 | Create | Serjeant |
| 25:33 | Create | Villager (Male) |
| 25:44 | Build | Palisade Gate |
| 26:03 | Build | Palisade Wall |
| 26:19 | Build | Farm |
| 26:20 | Build | Farm |
| 26:22 | Build | Farm |
| 26:22 | Build | Farm |
| 26:27 | Build | Farm |
| 26:27 | Build | Farm |
| 26:27 | Build | Farm |
| 26:29 | Build | Farm |
| 26:37 | Create | Villager (Male) |
| 26:38 | Create | Villager (Male) |
| 27:13 | Build | Lumber Camp |
| 27:28 | Create | Villager (Male) |
| 27:28 | Create | Villager (Male) |
| 27:30 | Create | Serjeant |
| 27:30 | Create | Serjeant |
| 27:31 | Create | Serjeant |
| 27:35 | Create | Serjeant |
| 27:36 | Create | Serjeant |
Match timeline
| 8:59 | KennyC · wall_segment Palisade Wall x9 |
| 9:05 | KennyC · wall_segment Palisade Wall x16 |
| 9:08 | KennyC · wall_segment Palisade Wall x11 |
| 9:14 | KennyC · wall_segment Palisade Wall x6 |
| 9:17 | KennyC · wall_segment Palisade Wall x17 |
| 9:20 | KennyC · wall_segment Palisade Wall x12 |
| 9:40 | Gamer of the south · first_building Barracks |
| 9:53 | mrcleanboi15 · wall_segment Palisade Wall x1 |
| 10:24 | mrcleanboi15 · wall_segment Palisade Wall x5 |
| 11:05 | Gamer of the south · age_up feudal |
| 11:32 | Rebeca · age_up feudal |
| 11:37 | behardienameer · age_up feudal |
| 11:48 | KennyC · age_up feudal |
| 12:05 | abencp97 · age_up feudal |
| 12:37 | abencp97 · first_building Donjon |
| 12:52 | mrcleanboi15 · age_up feudal |
| 13:06 | Gamer of the south · first_building Archery Range |
| 14:24 | mrcleanboi15 · first_building Barracks |
| 14:37 | behardienameer · first_building Barracks |
| 16:13 | KennyC · first_building Barracks |
| 18:29 | KennyC · first_market_sell 100 food |
| 18:38 | KennyC · age_up castle |
| 19:25 | abencp97 · first_building Barracks |
| 20:08 | KennyC · wall_segment Palisade Wall x1 |
| 21:33 | abencp97 · wall_segment Palisade Wall x15 |
| 21:36 | abencp97 · wall_segment Palisade Wall x16 |
| 21:38 | abencp97 · wall_segment Palisade Wall x12 |
| 21:40 | abencp97 · wall_segment Palisade Wall x12 |
| 21:43 | abencp97 · wall_segment Palisade Wall x11 |
| 21:46 | abencp97 · wall_segment Palisade Wall x10 |
| 21:54 | mrcleanboi15 · first_building Stable |
| 23:06 | KennyC · first_building Castle |
| 23:12 | Gamer of the south · age_up castle |
| 23:19 | behardienameer · first_building Stable |
| 23:36 | KennyC · first_market_buy 100 food |
| 25:01 | Gamer of the south · first_building Siege Workshop |
| 26:03 | abencp97 · wall_segment Palisade Wall x4 |
| 26:37 | KennyC · first_building Siege Workshop |
| 26:40 | Gamer of the south · first_market_sell 100 food |
| 26:44 | Gamer of the south · first_market_buy 100 stone |
| 26:55 | Gamer of the south · first_building Castle |
| 29:06 | Gamer of the south · tribute_sent a jugador 1 |
| 29:06 | Gamer of the south · tribute_sent a jugador 3 |
| 29:06 | Gamer of the south · tribute_sent a jugador 4 |
| 29:06 | Gamer of the south · tribute_sent a jugador 5 |
| 29:06 | Gamer of the south · tribute_sent a jugador 6 |
| 29:10 | mrcleanboi15 · tribute_sent a jugador 1 |
| 29:10 | mrcleanboi15 · tribute_sent a jugador 2 |
| 29:10 | mrcleanboi15 · tribute_sent a jugador 3 |
| 29:10 | mrcleanboi15 · tribute_sent a jugador 4 |
| 29:10 | mrcleanboi15 · tribute_sent a jugador 5 |
| 29:14 | Rebeca · first_building Barracks |
| 29:35 | behardienameer · first_building Archery Range |
| 30:16 | Rebeca · age_up castle |
| 31:46 | Rebeca · first_building Stable |
| 31:50 | behardienameer · age_up castle |
| 32:37 | mrcleanboi15 · age_up castle |
| 32:58 | mrcleanboi15 · first_building Castle |
| 33:42 | Gamer of the south · resign |
| 35:58 | mrcleanboi15 · first_market_sell 100 wood |
| 36:37 | abencp97 · age_up castle |
[ AI ANALYSIS · 1 CREDIT ]
What really happened in this match?
Wolo.gg analyzes every decision: build order, eco, micro, common mistakes by bracket. Personalized analysis on WhatsApp or Discord in 30 seconds.
Civ guide
Poles
Map guide
Arabia
Perfil
Jugador #24254046